 Dungeon Crawl Stone Soup version 0.27-a0-1365-ge71e8f7681 (webtiles) character file.

Game seed: 3786141492580907965

5501 HAL9000 the Covert (level 10, -7/53 HPs)
             Began as a Vine Stalker Brigand on June 28, 2021.
             Was a Believer of Dithmenos.
             Mangled by Harold (21 damage)
             ... on level 8 of the Dungeon.
             The game lasted 00:14:35 (6820 turns).

HAL9000 the Covert (Vine Stalker Brigand)           Turns: 6820, Time: 00:14:35

Health: -7/53      AC:  6    Str: 13    XL:     10   Next: 70%
Magic:  0/11       EV: 15    Int: 14    God:    Dithmenos [**....]
Gold:   446        SH:  5    Dex: 17    Spells: 3/9 levels left

rFire    . . .     SeeInvis +   f - +2 short sword (drain)
rCold    . . .     Faith    .   x - +0 buckler
rNeg     . . .     Spirit   +   b - +0 robe
rPois    +         Reflect  .   J - +2 hat {SInv}
rElec    .         Harm     .   c - +0 cloak
rCorr    .         Rampage  .   E - +0 pair of gloves
Will     +....                  (no boots)
Stlth    +++++++...             n - amulet of regeneration
HPRegen  2.17/turn              s - +4 ring of evasion
MPRegen  0.12/turn              u - ring of poison resistance

@: marked, wreathed by umbra
A: fangs 3, regeneration 1, magic shield, antimagic bite, no potion heal 2
a: Renounce Religion, Shadow Step


You were on level 8 of the Dungeon.
You worshipped Dithmenos.
Dithmenos was pleased with you.
You visited 2 branches of the dungeon, and saw 9 of its levels.

You collected 446 gold pieces.

Inventory:

Hand Weapons
 a - a +2 dagger
 f - a +2 short sword of draining (weapon)
 m - a +1 dagger of protection
 F - a +1 dagger of holy wrath
Missiles
 d - 8 poisoned darts (quivered)
 e - 2 curare-tipped darts
 i - 8 javelins
Armour
 b - a +0 robe (worn)
 c - a +0 cloak (worn)
 w - the +18 shield of the Gong {rElec rN+ Will+ EV-5}
   (You found it on level 4 of the Dungeon)

   EV:        It affects your evasion (-5).
   rElec:     It insulates you from electricity.
   rN:        It protects you from negative energy.
   Will:      It increases your willpower.
 x - a +0 buckler (worn)
 E - a +0 pair of gloves (worn)
 J - a +2 hat of see invisible (worn)
Jewellery
 n - an amulet of regeneration (around neck)
 s - a +4 ring of evasion (left hand)
 u - a ring of poison resistance (right hand)
Wands
 I - a wand of acid (9)
Scrolls
 j - 4 scrolls of blinking
 k - a scroll of brand weapon
 o - 2 scrolls of teleportation {unknown}
 q - 2 scrolls of enchant weapon {unknown}
 r - a scroll of fear {unknown}
 y - 2 scrolls of amnesia {unknown}
 A - a scroll of torment {unknown}
 B - a scroll of immolation {unknown}
 D - 2 scrolls of noise {unknown}
 G - a scroll of enchant armour {unknown}
 H - a scroll of acquirement {unknown}
Potions
 h - 2 potions of flight
 l - 2 potions of might
 p - a potion of attraction
 t - 2 potions of curing
 v - a potion of berserk rage
 z - a potion of lignification
 C - a potion of brilliance {unknown}


   Skills:
 - Level 6.1 Fighting
 + Level 4.5 Short Blades
 - Level 2.1 Throwing
 - Level 0.8 Dodging
 - Level 13.2 Stealth
 - Level 4.0 Shields
 - Level 7.8 Hexes


You had 3 spell levels left.
You knew the following spells:

 Your Spells              Type           Power      Damage    Failure   Level
a - Confusing Touch       Hex            21%        N/A       3%          3
b - Tukima's Dance        Hex            21%        N/A       3%          3

Your spell library contained the following spells:

 Spells                   Type           Power      Damage    Failure   Level
 Corona                   Hex            23%        N/A       1%          1
 Ensorcelled Hibernation  Hex/Ice        20%        N/A       9%          2
 Dazzling Flash           Conj/Hex       20%        N/A       19%         3
 Shock                    Conj/Air       0%         1d3       28%         1
 Static Discharge         Conj/Air       0%         N/A       41%         2
 Swiftness                Air            0%         N/A       65%         3
 Airstrike                Air            0%         N/A       96%         4
 Lightning Bolt           Conj/Air       0%         1d11      100%        5


Dungeon Overview and Level Annotations

Branches:
Dungeon (8/15)             Temple (1/1) D:5
   Lair: D:8-11

Altars:
Ashenzari
Cheibriados
Dithmenos
Fedhas
Hepliaklqana
Kikubaaqudgha
Makhleb
Nemelex Xobeh
Okawaru
Qazlal
Ru
Sif Muna
Trog
Uskayaw
Wu Jian
Xom
Yredelemnul
Zin
The Shining One

Shops:
D:4 (

Annotations:
D:8 Harold


Innate Abilities, Weirdness & Mutations

You have razor-sharp teeth.
Your natural rate of healing is unusually fast.
When hurt, damage is shared between your health and your magic reserves.
Your bite disrupts and absorbs the magic of your enemies.
Potions cannot restore your health.


Message History

Harold's magic leaks into the air.
You drain his magic.
Harold is almost dead.
Harold hits you with a +0 glaive.
You hit Harold but do no damage. Your bite misses Harold.
Harold is almost dead.
Harold hits you with a +0 glaive!
You hit Harold but do no damage. Your bite misses Harold.
Harold is almost dead.
Harold hits you with a +0 glaive!!
You barely miss Harold. You bite Harold, but do no damage.
Harold is almost dead.
Harold points at you and mumbles some strange words.
A sentinel's mark forms upon you.
You barely miss Harold.
Harold is almost dead.
Harold hits you with a +0 glaive!
You closely miss Harold. You bite Harold.
Harold's magic leaks into the air.
You drain his magic.
You feel invigorated.
Harold is almost dead.
You hit Harold. Your bite misses Harold.
Harold is almost dead.
Harold casts a spell at you. The mark upon you grows brighter.
You hit Harold but do no damage. You bite Harold, but do no damage.
Harold is almost dead.
Harold hits you with a +0 glaive!
You barely miss Harold.
Harold is almost dead.
Harold hits you with a +0 glaive!
* * * LOW HITPOINT WARNING * * *
You barely miss Harold. You bite Harold, but do no damage.
Harold is almost dead.
You block Harold's attack.
You barely miss Harold.
Harold is almost dead.
Harold barely misses you.
You hit Harold but do no damage. Your bite misses Harold.
Harold is almost dead.
Harold hits you with a +0 glaive!!
You die...

#.## #..##.#
#.#.# # ##.#
#+#...# #.#.###
#..## ### #.##
#.#....
##..)###.# #.
#.#####
###..#.....# #.
...
...........# ..
...#########.##
## ##.#####...
##@......#
##@.!.?##
######


You could see Harold (drained).

Vanquished Creatures
  Gastronok (D:8)
  A manticore (D:7)
  4 yaks (D:8)
  2 steam dragons (D:8)
  Duvessa (D:7)
  3 ice beasts
  2 sky beasts (D:7)
  2 ogres
  3 centaurs
  A phantom (D:5)
  A kobold brigand (D:6)
  2 bullfrogs
  A gnoll sergeant (D:8)
  2 scorpions
  A water moccasin zombie (D:5)
  Dowan (D:7)
  A bullfrog zombie (D:6)
  A centaur zombie (D:8)
  A jelly (D:5)
  3 orc priests (D:7)
  2 centaur skeletons (D:5)
  3 hounds
  4 gnoll shamans
  A bullfrog skeleton (D:7)
  3 iguanas
  7 orc wizards
  2 hound skeletons (D:5)
  19 gnolls
  A howler monkey skeleton (D:7)
  5 adders
  A shadow imp (D:5)
  2 white imps
  2 worms
  18 orcs
  8 endoplasms
  3 giant cockroaches
  5 goblins
  4 hobgoblins
  8 jackals
  13 kobolds
  5 quokkas
  11 ball pythons
  3 bats
  4 frilled lizards
  A jackal skeleton (D:4)
  9 rats
178 creatures vanquished.

Notes
Turn   | Place    | Note
-------+----------+-------------------------------------------
     0 | D:1      | HAL9000 the Vine Stalker Brigand began the quest for the
                  | Orb.
     0 | D:1      | Reached XP level 1. HP: 11/11 MP: 2/2
    33 | D:1      | Reached skill level 5 in Stealth
   107 | D:1      | Reached XP level 2. HP: 8/15 MP: 3/3
   267 | D:1      | Found a faded altar of an unknown god.
   768 | D:1      | Reached XP level 3. HP: 18/18 MP: 4/4
  1471 | D:2      | Gained mutation: Your natural rate of healing is unusually
                  | fast. [Vine Stalker growth]
  1471 | D:2      | Reached XP level 4. HP: 23/23 MP: 5/5
  2029 | D:3      | Reached XP level 5. HP: 26/26 MP: 6/6
  2191 | D:3      | Reached skill level 6 in Stealth
  2244 | D:3      | Noticed an ogre
  2264 | D:3      | Killed an ogre
  2265 | D:3      | Reached skill level 7 in Stealth
  2265 | D:3      | Reached XP level 6. HP: 22/30 MP: 3/7
  2441 | D:3      | Found a burning altar of Makhleb.
  2499 | D:3      | Found a glowing drain.
  2679 | D:4      | Found the +18 shield of the Gong {rElec rN+ Will+ EV-5}
  2692 | D:4      | Reached skill level 8 in Stealth
  2884 | D:4      | Reached XP level 7. HP: 34/34 MP: 6/8
  3126 | D:4      | Found Rafuikargh's Weapon Shop.
  3337 | D:4      | Reached skill level 9 in Stealth
  3469 | D:4      | Learned a level 3 spell: Confusing Touch
  3473 | D:4      | Learned a level 3 spell: Tukima's Dance
  3581 | D:5      | Entered Level 5 of the Dungeon
  3590 | D:5      | Reached skill level 1 in Shields
  3713 | D:5      | Found a sparkling altar of Nemelex Xobeh.
  3791 | D:5      | Found a staircase to the Ecumenical Temple.
  3811 | Temple   | Entered the Ecumenical Temple
  4002 | Temple   | Became a worshipper of Dithmenos the Shadowed
  4200 | D:5      | Gained mutation: You have razor-sharp teeth. [Vine Stalker
                  | growth]
  4200 | D:5      | Reached XP level 8. HP: 39/39 MP: 9/9
  4418 | D:5      | Reached skill level 1 in Hexes
  4589 | D:6      | Reached * piety under Dithmenos
  4893 | D:6      | Reached skill level 5 in Hexes
  5300 | D:7      | Reached XP level 9. HP: 42/42 MP: 10/10
  5496 | D:7      | Noticed Dowan
  5497 | D:7      | Noticed Duvessa
  5526 | D:7      | Killed Duvessa
  5532 | D:7      | Killed Dowan
  5675 | D:7      | Found a shimmering blue altar of Sif Muna.
  5967 | D:7      | Reached skill level 10 in Stealth
  6189 | D:7      | Reached ** piety under Dithmenos
  6395 | D:7      | Noticed a manticore
  6417 | D:7      | Killed a manticore
  6418 | D:7      | Reached skill level 11 in Stealth
  6482 | D:8      | Reached skill level 12 in Stealth
  6486 | D:8      | Reached XP level 10. HP: 46/46 MP: 11/11
  6514 | D:8      | Noticed Gastronok
  6517 | D:8      | Reached skill level 13 in Stealth
  6543 | D:8      | Killed Gastronok
  6544 | D:8      | Reached skill level 5 in Fighting
  6801 | D:8      | Noticed Harold
  6820 | D:8      | Mangled by Harold

Illustrated notes

Levels and vault maps discovered:
D:1:      eino_arrival_tree_alley, layout_basic, ebering_ecumenical_altar_hall
D:2:      layout_basic
D:3:      minmay_chambers_of_threes, layout_rooms, lemuel_doored_altar,
          cheibrodos_sewer_entry_bend
D:4:      layout_gridville, serial_shops, nicolae_lakefront_shop
D:5:      lemuel_ice_spiral_2, layout_rooms, nemelex_xobeh_ov_fountains_minmay,
          minmay_temple_entry_mist, minmay_misc_feat_nine_boxes
D:6:      layout_loops_ring
D:7:      layout_basic, lemuel_crystal_altar, uniq_duvessa
D:8:      layout_loops_ring, minmay_joined_circles, uniq_joseph, uniq_gastronok,
          uniq_harold
Temple:   nicolae_temple_elliptical

Skill      XL: |  1  2  3  4  5  6  7  8  9 10 |
---------------+-------------------------------+-----
Stealth        | 5 7 8 9 12 13 | 13.2
Throwing       | 2 |  2.1
Short Blades   | 2 3 4 |  4.5
Shields        | 4 |  4.0
Hexes          | 6 7 |  7.8
Fighting       | 6 |  6.1
Dodging        | |  0.8

Action                   |  1- 3 |  4- 6 |  7- 9 | 10-12 || total
-------------------------+-------+-------+-------+-------++-------
Melee: Short sword       |    73 |   148 |   346 |    60 ||   627
       Bite              |    16 |    36 |    99 |    30 ||   181
       Dagger            |     4 |       |       |       ||     4
Throw: Dart              |       |     6 |    25 |     6 ||    37
 Cast: Confusing Touch   |       |       |     4 |       ||     4
  Use: Scroll            |       |       |     9 |       ||     9
 Stab: Sleeping          |    10 |     8 |    14 |     4 ||    36
       Distracted        |       |     1 |     2 |       ||     3
       Confused          |       |       |     3 |       ||     3
Armor: Robe              |    21 |    37 |    48 |    12 ||   118
Dodge: Dodged            |    39 |    80 |   188 |    27 ||   334
Block: Buckler           |       |    11 |    82 |    14 ||   107

Table legend: (Time is in decaauts)
 A = Elapsed time spent in this place.
 B = Non-inter-level travel time spent in this place.
 C = Inter-level travel time spent in this place.
 D = Time resting spent in this place.
 E = Time spent auto-exploring this place.
 F = Levels seen in this place.
 G = Mean time per level.
                   A        B        C        D        E       F      G
               +--------+--------+--------+--------+--------+-----+--------+
         Total |   6781 |   6491 |    290 |     81 |   4874 |   9 |  753.4 |
       Dungeon |   6567 |   6332 |    235 |     81 |   4717 |   8 |  820.9 |
        Temple |    213 |    158 |     55 |      0 |    157 |   1 |  213.0 |
               +--------+--------+--------+--------+--------+-----+--------+

Top non-repeatable levels by time:
     D:7: 1156 daAuts
     D:1: 1014 daAuts
     D:2: 992 daAuts
     D:4: 972 daAuts
     D:6: 844 daAuts
     D:5: 617 daAuts
     D:3: 595 daAuts
     D:8: 374 daAuts
  Temple: 213 daAuts
